 Dungeon Crawl Stone Soup version 0.22-a0-185-ge330310 (webtiles) character file.

13251 kal9871 the Brawler (level 11, 0/94 HPs)
             Began as a Troll Monk on Feb 15, 2018.
             Was a High Priest of Wu Jian.
             Slain by a manticore (8 damage)
             ... on level 13 of the Dungeon.
             The game lasted 00:20:53 (8858 turns).

kal9871 the Brawler (Troll Monk)                    Turns: 8858, Time: 00:20:54

Health: 0/94       AC:  9    Str: 21    XL:     11   Next: 73%
Magic:  0/10       EV: 19    Int:  6    God:    Wu Jian [*****.]
Gold:   820        SH:  0    Dex: 15    Spells: 10/10 levels left

rFire    . . .     SeeInvis +     - Unarmed
rCold    . . .     Gourm    +   (no shield)
rNeg     . . .     Faith    .   E - +0 robe {MR+}
rPois    .         Spirit   +   m - +2 hat
rElec    .         Reflect  .   (no cloak)
rCorr    .         Harm     .   (gloves unavailable)
MR       +....                  (boots unavailable)
Stlth    ++........             y - amulet of guardian spirit
HPRegen  0.65/turn              u - ring of see invisible
MPRegen  0.12/turn              A - ring of Phasing {EV+8}

@: no status effects
A: large, unfitting armour, antennae 1, claws 3, hooves 1, iridescent scales 1,
fast metabolism 3, gourmand, regeneration 1, shaggy fur 1, tough skin 2
a: Wall Jump, Serpent's Lash, Heavenly Storm, Renounce Religion


You were on level 13 of the Dungeon.
You worshipped Wu Jian.
Wu Jian was extremely pleased with you.
You were very full.

You visited 2 branches of the dungeon, and saw 12 of its levels.
You also visited: Bailey.

You collected 850 gold pieces.
You spent 30 gold pieces at shops.

Inventory:

Armour
 m - a +2 hat (worn)
 E - a +0 robe of magic resistance (worn)
Jewellery
 u - a ring of see invisible (left claw)
 y - an amulet of guardian spirit (around neck)
 A - the ring of Phasing (right claw) {EV+8}
   (You found it on level 4 of the Dungeon)

   [ring of evasion]

   It affects your evasion (+8).
Wands
 c - a wand of digging (26)
 I - a wand of flame (18)
Scrolls
 g - 11 scrolls of teleportation
 i - 2 scrolls of magic mapping
 j - 2 scrolls of noise
 k - 3 scrolls of remove curse
 n - 2 scrolls of fog
 t - 2 scrolls of random uselessness
 w - a scroll of blinking
 x - 4 scrolls of amnesia
 B - 3 scrolls of enchant weapon
 D - 3 scrolls of fear
 H - a scroll of enchant armour {unknown}
 J - 2 scrolls of identify
Potions
 d - 3 potions of curing
 e - a potion of heal wounds
 f - 2 potions of agility
 h - 3 potions of brilliance
 l - 2 potions of flight
 o - 2 potions of invisibility
 p - a potion of resistance {unknown}
 q - a potion of magic {unknown}
 r - 3 potions of haste {unknown}
 s - 2 potions of might {unknown}
 z - a potion of cancellation {unknown}
 F - a potion of degeneration {unknown}
 G - a potion of mutation
Books
 v - a book of Conjurations

   Spells                             Type                      Level
   a - Magic Dart                     Conjuration                  1
   b - Searing Ray                    Conjuration                  2
   c - Dazzling Spray                 Conjuration/Hexes            3
   d - Fulminant Prism                Conjuration/Hexes            4
   e - Force Lance                    Conjuration/Translocation    4
   f - Iskenderun's Mystic Blast      Conjuration                  4
 C - a book of Callings

   Spells                             Type                      Level
   a - Summon Small Mammal            Summoning                    1
   b - Call Imp                       Summoning                    2
   c - Call Canine Familiar           Summoning                    3
   d - Summon Guardian Golem          Hexes/Summoning              3
   e - Summon Lightning Spire         Summoning/Air                4
   f - Summon Ice Beast               Ice/Summoning                4
Comestibles
 a - 2 chunks of flesh
 b - 15 rations


   Skills:
 - Level 2.4 Fighting
 - Level 2.4 Dodging
 - Level 1.0 Stealth
 * Level 17.8 Unarmed Combat


You had 10 spell levels left.
You didn't know any spells.

Dungeon Overview and Level Annotations

Branches:
Dungeon (10/15)            Temple (1/1) D:5
   Lair: D:8-11         Orc: D:9-12

Altars:
Ashenzari
Cheibriados
Dithmenos
Elyvilon
Gozag
Hepliaklqana
Kikubaaqudgha
Makhleb
Nemelex Xobeh
Okawaru
Qazlal
Ru
Sif Muna
Trog
Uskayaw
Vehumet
Wu Jian
Xom
Yredelemnul
Zin
The Shining One

Shops:
D:6 :*   D:8 (   D:9 :

Portals:
Ice
Cave: D:13


Innate Abilities, Weirdness & Mutations

You are too large for most types of armour.
You have claws for hands.
Your metabolism is lightning-fast.
You like to eat raw meat.
Your natural rate of healing is unusually fast.
You are covered in fur. (AC +1)
You have very tough skin. (AC +2)
You have a pair of small antennae on your head.
You have large cloven feet.
You are partially covered in iridescent scales. (AC +2)


Message History

The Council accepts your kill. The white imp gestures at you.
The puff of frost misses you. The white imp gestures at you.
The puff of frost hits you!
* * * LOW HITPOINT WARNING * * *
The white imp gestures at you. The puff of frost hits you!
* * * LOW HITPOINT WARNING * * *
You claw the white imp!
You kill the white imp!
The Council accepts your kill. The manticore closely misses you.
The manticore barely misses you. The manticore claws you!
* * * LOW HITPOINT WARNING * * *
You scratch the manticore but do no damage.
The manticore bites you!
* * * LOW HITPOINT WARNING * * *
The manticore completely misses you. The manticore claws you!
You die...

***+**** *,...*5.5.H.#*+ *,,***
###***##'#5..5..#*, **,,,*
#.#,,,#..5#*******,
*####+######.#,*,#.#5# **
*.........##.#,*,#,#)### ***
****..........#.#,*,*,#.'.#****,,
,,,+............#,*,,,#.#.....#,,
****.........##.#######)#####.#,,
*.........##.@H....†.# *,*,,
*#######'########+#### *,+,,
###.# **,* ***,, ####...# *,,*
**+ #....### **,** *, ###.####
*,,* ** ####......##*** **,******
**, ....(.........* *,,,,,,,* *,,
####......###.* *,,,,,,,* *,,


You could see a manticore.

Vanquished Creatures
  3 two-headed ogres
  The ghost of PeterMcNeter the Cleaver, a novice MiFi of Okawaru (D:6)
  2 orc knights (Bailey)
  A wolf spider zombie (D:13)
  An ugly thing (D:13)
  A cyclops (D:13)
  Psyche (D:8)
  A troll (D:9)
  The ghost of Tramtrist the Sneak, an amateur OpAs of Trog (D:5)
  A hippogriff (D:6)
  A spriggan (D:9)
  A wraith (D:10)
  9 yaks (D:10)
  A wyvern (D:9)
  A steam dragon (D:10)
  Grum (D:9)
  A hungry ghost (D:7)
  Menkaure (D:4)
  A soldier ant (D:6)
  Duvessa (D:4)
  An ice beast (D:9)
  10 orc warriors
  4 sky beasts
  3 phantoms
  9 ogres
  4 centaurs
  3 wolves (D:9)
  5 bullfrogs
  A gnoll sergeant (D:10)
  Dowan (D:4)
  2 scorpions
  7 killer bees
  3 wights (D:9)
  4 crimson imps
  A quasit (D:7)
  A bullfrog skeleton (D:9)
  2 hounds
  3 jellies
  4 orc priests
  2 centaur skeletons
  6 iguanas
  7 orc wizards
  7 worker ants
  A hound zombie (D:9)
  A hound skeleton (D:4)
  2 howler monkey zombies (D:9)
  Robin (D:3)
  5 gnolls
  A howler monkey skeleton (D:3)
  9 adders
  A shadow imp (D:9)
  10 white imps (D:13)
  An ooze (D:4)
  2 adder skeletons
  An adder zombie (D:7)
  A worm (D:2)
  3 dart slugs
  4 leopard geckos
  34 orcs
  6 giant cockroaches
  20 goblins
  13 hobgoblins
  16 jackals
  6 quokkas
  11 bats
  4 frilled lizards
  19 kobolds
  A leopard gecko skeleton (D:8)
  A quokka skeleton (D:8)
  A quokka zombie (D:8)
  9 rats
305 creatures vanquished.

Notes
Turn   | Place    | Note
-------+----------+-------------------------------------------
     0 | D:1      | kal9871 the Troll Monk began the quest for the Orb.
     0 | D:1      | Reached XP level 1. HP: 22/22 MP: 0/0
   303 | D:1      | Reached XP level 2. HP: 29/29 MP: 1/1
   529 | D:1      | Reached skill level 4 in Unarmed Combat
   838 | D:2      | Reached XP level 3. HP: 11/36 MP: 2/2
  1488 | D:2      | Found a white marble altar of Elyvilon.
  1491 | D:2      | Found a deep blue altar of Sif Muna.
  1494 | D:2      | Found a snail-covered altar of Cheibriados.
  1877 | D:3      | Reached XP level 4. HP: 44/44 MP: 3/3
  1907 | D:3      | Noticed Robin
  1920 | D:3      | Reached skill level 5 in Unarmed Combat
  1977 | D:3      | Killed Robin
  2194 | D:3      | Reached XP level 5. HP: 46/50 MP: 4/4
  2195 | D:3      | Reached skill level 6 in Unarmed Combat
  2921 | D:4      | Reached XP level 6. HP: 44/59 MP: 5/5
  3046 | D:4      | Noticed Duvessa
  3046 | D:4      | Noticed Dowan
  3061 | D:4      | Killed Duvessa
  3061 | D:4      | Reached skill level 7 in Unarmed Combat
  3076 | D:4      | Killed Dowan
  3120 | D:4      | Reached skill level 8 in Unarmed Combat
  3147 | D:4      | Reached XP level 7. HP: 42/66 MP: 6/6
  3421 | D:4      | Reached skill level 9 in Unarmed Combat
  3528 | D:4      | Found the ring of Phasing {EV+8}
  3681 | D:4      | Noticed Menkaure
  3696 | D:4      | Killed Menkaure
  3949 | D:5      | Entered Level 5 of the Dungeon
  4086 | D:5      | Found a staircase to the Ecumenical Temple.
  4137 | Temple   | Entered the Ecumenical Temple
  4227 | Temple   | Became a worshipper of the Wu Jian Council
  4227 | Temple   | Reached * piety under Wu Jian
  4227 | Temple   | Reached ** piety under Wu Jian
  4354 | D:5      | Reached XP level 8. HP: 74/74 MP: 7/7
  4362 | D:5      | Reached skill level 10 in Unarmed Combat
  4415 | D:5      | Noticed Tramtrist's ghost (amateur OpAs)
  4422 | D:5      | Killed Tramtrist's ghost
  4741 | D:5      | Found a shimmering altar of Xom.
  4941 | D:6      | Found Raunorofaa's Book Emporium.
  4998 | D:6      | Found a sparkling altar of Nemelex Xobeh.
  5058 | D:6      | Noticed PeterMcNeter's ghost (novice MiFi)
  5074 | D:6      | Killed PeterMcNeter's ghost
  5074 | D:6      | Reached skill level 11 in Unarmed Combat
  5104 | D:6      | Reached XP level 9. HP: 80/80 MP: 8/8
  5151 | D:6      | Found a sacrificial altar of Ru.
  5182 | D:6      | Found Caix's General Store.
  5190 | D:6      | Bought a scroll of teleportation for 30 gold pieces
  5202 | D:6      | Reached skill level 12 in Unarmed Combat
  5407 | D:6      | Found a shattered altar of Ashenzari.
  5431 | D:6      | Found an ancient bone altar of Kikubaaqudgha.
  5506 | D:6      | Gained mutation: You are partially covered in iridescent scales. (AC +2) [potion of mutation]
  5506 | D:6      | Gained mutation: You have large cloven feet. [potion of mutation]
  5506 | D:6      | Gained mutation: You have a pair of small antennae on your head. [potion of mutation]
  5776 | D:7      | Reached *** piety under Wu Jian
  5822 | D:7      | Found a burning altar of Makhleb.
  5829 | D:7      | Reached skill level 13 in Unarmed Combat
  5913 | D:7      | Found a radiant altar of Vehumet.
  5915 | D:7      | Found a hide-covered altar of Uskayaw.
  6006 | D:7      | Found a glowing golden altar of the Shining One.
  6287 | D:8      | Found Qewk's Weapon Boutique.
  6637 | D:8      | Found a stormy altar of Qazlal.
  6801 | D:8      | Noticed Psyche
  6811 | D:8      | Killed Psyche
  6811 | D:8      | Reached skill level 14 in Unarmed Combat
  6811 | D:8      | Reached XP level 10. HP: 68/88 MP: 7/9
  7102 | D:9      | Noticed a two-headed ogre
  7108 | D:9      | Killed a two-headed ogre
  7159 | D:9      | Reached skill level 15 in Unarmed Combat
  7270 | D:9      | Found a hide-covered altar of Uskayaw.
  7348 | D:9      | Reached **** piety under Wu Jian
  7381 | D:9      | Noticed a two-headed ogre
  7392 | D:9      | Killed a two-headed ogre
  7534 | D:9      | Noticed Grum
  7547 | D:9      | Killed Grum
  7555 | D:9      | Reached skill level 16 in Unarmed Combat
  7728 | D:9      | Found Zeidytai's Book Emporium.
  7871 | D:10     | Entered Level 10 of the Dungeon
  7878 | D:10     | Found a flagged portal.
  7891 | Bailey   | Entered a bailey
  7909 | Bailey   | Noticed an orc knight
  7947 | Bailey   | Reached XP level 11. HP: 89/94 MP: 10/10
  8024 | Bailey   | Noticed an orc knight
  8042 | Bailey   | Killed an orc knight
  8046 | Bailey   | Killed an orc knight
  8434 | D:10     | Noticed a two-headed ogre
  8444 | D:10     | Reached ***** piety under Wu Jian
  8453 | D:10     | Killed a two-headed ogre
  8456 | D:10     | Reached skill level 17 in Unarmed Combat
  8743 | D:10     | You fall through a shaft for 3 floors!
  8786 | D:13     | Found a frozen archway.
  8787 | D:13     | Noticed a purple ugly thing
  8806 | D:13     | Killed a purple ugly thing
  8858 | D:13     | Slain by a manticore

Vault maps used:
D:1:      dpeg_arrival_short_road
D:2:      minmay_door_path, grunt_temple_overflow_diamond
D:3:      kennysheep_goblin_castle, first_ration
D:4:      uniq_duvessa, uniq_menkaure
D:5:      led_xom_imps, minmay_temple_entry_grid, hex_large
D:6:      minmay_cornered_nines, overflow_temple_1_default,
          lemuel_crystal_altar, kennysheep_mini, kennysheep_little_box,
          serial_shops, shop, shop
D:7:      lemuel_coloured_pillars_altar, minitemple
D:8:      nicolae_qazlal_general_emergency, serial_shops, shop, uniq_psyche
D:9:      basic_altar, serial_shops, nicolae_shop_trees, the_bakery, uniq_grum
D:10:     enter_bailey_3, uniq_urug
D:13:     david_vaults_2, basic_altar, portal_ice_cave_entry_imps
Temple:   grunt_temple_mini_profane
Bailey:   bailey_axe_4, bailey

Skill      XL: |  1  2  3  4  5  6  7  8  9 10 11 |
---------------+----------------------------------+-----
Unarmed Combat | 4 5 6 8 9 11 14 16 17 | 17.8
Fighting       | |  2.4
Dodging        | |  2.4
Stealth        | |  1.0

Action                   |  1- 3 |  4- 6 |  7- 9 | 10-12 || total
-------------------------+-------+-------+-------+-------++-------
Melee: Unarmed           |   125 |   143 |   256 |   349 ||   873
       Punch             |     1 |     2 |    13 |    36 ||    52
       Kick              |       |       |    23 |    91 ||   114
Throw: Tomahawk          |       |       |       |     5 ||     5
Invok: Wall Jump         |       |       |     9 |    18 ||    27
       Whirlwind         |       |       |     6 |    83 ||    89
       Lunge             |       |       |    10 |    27 ||    37
       Serpent's Lash    |       |       |     1 |     1 ||     2
 Abil: Wall Jump         |       |       |     2 |     2 ||     4
  Use: Scroll            |       |       |    12 |     4 ||    16
       Potion            |       |       |     6 |     1 ||     7
 Stab: Sleeping          |     5 |     2 |     6 |     2 ||    15
  Eat: Chunk             |    21 |    13 |    19 |    24 ||    77
       Ration            |       |       |     2 |     1 ||     3
Armor: Robe              |    50 |    47 |    24 |    43 ||   164
Dodge: Dodged            |    75 |    58 |   134 |   286 ||   553

Table legend:
 A = Spawn XP
 B = Non-spawn XP
 C = Spawn XP percentage of total XP
 D = Spawn monster count
 E = Non-spawn monster count
 F = Spawn count percentage of total count
 G = Total turns spent on level
                    A         B        C        D         E        F      G
               +---------+---------+-------+---------+---------+-------+---------
         Total |       0 |   18931 |   0.0 |       0 |     305 |   0.0 |  8858
               +---------+---------+-------+---------+---------+-------+---------
           D:1 |       0 |      38 |   0.0 |       0 |      20 |   0.0 |   824
           D:2 |       0 |      33 |   0.0 |       0 |      18 |   0.0 |   773
           D:3 |       0 |     266 |   0.0 |       0 |      55 |   0.0 |  1288
           D:4 |       0 |     938 |   0.0 |       0 |      15 |   0.0 |  1064
           D:5 |       0 |     631 |   0.0 |       0 |      16 |   0.0 |   874
           D:6 |       0 |    1486 |   0.0 |       0 |      12 |   0.0 |   623
           D:7 |       0 |    1509 |   0.0 |       0 |      33 |   0.0 |   659
           D:8 |       0 |     870 |   0.0 |       0 |      12 |   0.0 |   781
           D:9 |       0 |    5291 |   0.0 |       0 |      44 |   0.0 |   970
          D:10 |       0 |    4015 |   0.0 |       0 |      38 |   0.0 |   411
          D:13 |       0 |    1804 |   0.0 |       0 |      16 |   0.0 |   115
        Bailey |       0 |    2050 |   0.0 |       0 |      26 |   0.0 |   358
               +---------+---------+-------+---------+---------+-------+---------
